 Dungeon Crawl Stone Soup version 0.29.0-7-g18a832c13a (webtiles) character file.

Game seed: 5758479613037390317

22 SnakkuSnakku7 the Ducker (level 2, 0/21 HPs)
             Began as a Merfolk Air Elementalist on Aug 31, 2022.
             Slain by an adder (1 damage)
             ... on level 2 of the Dungeon.
             The game lasted 00:01:29 (2001 turns).

SnakkuSnakku7 the Ducker (Merfolk Air Elementalist) Turns: 2001, Time: 00:01:29

Health: 0/21       AC:  2    Str:  8    XL:     2   Next: 91%
Magic:  4/5        EV: 12    Int: 14    God:
Gold:   58         SH:  0    Dex: 14    Spells: 4/5 levels left

rFire   . . .      SeeInvis .     - Unarmed
rCold   . . .      Faith    .   (no shield)
rNeg    + . .      Spirit   .   a - +0 robe
rPois   .          Reflect  .   (no helmet)
rElec   .          Harm     .   (no cloak)
rCorr   .          Rampage  .   (no gloves)
Will    .....                   (no boots)
Stlth   ++........              (no amulet)
HPRegen 0.07/turn               d - ring of positive energy
MPRegen 0.09/turn               (no ring)

@: no status effects
A: (nimble swimmer 2), mertail
a: no special abilities


You were on level 2 of the Dungeon.
You visited 1 branch of the dungeon, and saw 2 of its levels.

You collected 58 gold pieces.

Inventory:

Missiles
 k - 5 poisoned darts (quivered)
Armour
 a - a +0 robe (worn)
Jewellery
 d - a ring of positive energy (left hand)
Scrolls
 c - 2 scrolls of teleportation {unknown}
 e - a scroll of identify {unknown}
 f - a scroll of blinking {unknown}
 h - a scroll of fear {unknown}
 j - a scroll of amnesia {unknown}
 n - a scroll of enchant weapon {unknown}
 o - a scroll of vulnerability {unknown}
Potions
 b - a potion of magic
 g - 2 potions of ambrosia {unknown}
 i - a potion of resistance {unknown}
 l - a potion of flight {unknown}
 m - a potion of haste {unknown}


   Skills:
 - Level 1.4 Fighting
 + Level 0.5 Throwing
 - Level 2.6 Dodging
 - Level 2.1 Stealth
 + Level 1.8 Unarmed Combat
 - Level 2.0 Spellcasting
 - Level 0.7 Conjurations
 - Level 2.4 Air Magic


You had 4 spell levels left.
You knew the following spells:

 Your Spells              Type           Power      Damage    Failure   Level
a - Shock                 Conj/Air       20%        1d4       13%         1

Your spell library contained the following spells:

 Spells                   Type           Power      Damage    Failure   Level
 Static Discharge         Conj/Air       5%         3-4/arc   19%         2
 Swiftness                Air            8%         N/A       26%         3
 Ozocubu's Armour         Ice            1%         N/A       56%         3
 Airstrike                Air            4%         2d(1-17)  65%         4
 Metabolic Englaciation   Hex/Ice        0%         N/A       100%        5
 Simulacrum               Ice/Necr       0%         N/A       100%        6


Dungeon Overview and Level Annotations

Branches:
Dungeon (2/15)

Altars:


Innate Abilities, Weirdness & Mutations

((You are very nimble when in or above water. (Stealth+, EV+, Speed+++)))
Your lower body shifts to a powerful aquatic tail in water.


Message History

The adder is severely wounded.
You feel sick. The adder bites you. The adder barely misses you.
Casting: Shock (safe; 13% risk of failure)
Confirm with . or Enter, or press ? or * to list all spells.
Aiming: Shock (safe; 13% risk of failure)
Press: ? - help, Shift-Dir - straight line The zap hits the adder.
The adder is almost dead.
The zap misses the adder.
You feel sick. The adder bites you but does no damage.
Unknown command.
Casting: Shock (safe; 13% risk of failure)
Confirm with . or Enter, or press ? or * to list all spells.
Aiming: Shock (safe; 13% risk of failure)
Press: ? - help, Shift-Dir - straight line The zap misses the adder. x2; You feel sick.
The adder bites you.
* * * LOW HITPOINT WARNING * * *
Unknown command.
Casting: Shock (safe; 13% risk of failure)
Confirm with . or Enter, or press ? or * to list all spells.
You don't have enough magic to cast this spell.
You barely miss the adder.
The adder is almost dead.
* * * LOW HITPOINT WARNING * * *
You feel sick. The adder barely misses you. x2
Magic courses through your body.
* * * LOW HITPOINT WARNING * * *
You feel sick. The adder barely misses you.
Your magical contamination has completely faded away.
Unknown command.
Casting: Shock (safe; 13% risk of failure)
Confirm with . or Enter, or press ? or * to list all spells.
Aiming: Shock (safe; 13% risk of failure)
Press: ? - help, Shift-Dir - straight line The zap misses the adder. x2
* * * LOW HITPOINT WARNING * * *
You feel sick.
You are no longer poisoned.
The adder bites you.
You die...

##.....#.......#####
######.#.#.###......
#.†.##.#.#.# #.....#
#.#........###..##..
#...##.#.#......##.#
##.###.#............
.######.#
#.####.######..
........###.# #.#
### .######.@...#
#.# ####S##### ...
#.$.....# #.#
#...)...# ...
#.....$.# .>.
#.......# ...
#.......# #.......#
#.......#


You could see an adder.

Vanquished Creatures
  A worm (D:2)
  2 dart slugs
  A ball python (D:2)
  A bat (D:2)
  2 giant cockroaches
  2 goblins
  A hobgoblin (D:1)
  A quokka (D:1)
  2 kobolds (D:2)
  A rat (D:2)
14 creatures vanquished.

Notes
Turn   | Place    | Note
-------+----------+-------------------------------------------
     0 | D:1      | SnakkuSnakku7 the Merfolk Air Elementalist began the quest
                  | for the Orb.
     0 | D:1      | Reached XP level 1. HP: 13/13 MP: 3/3
   934 | D:1      | Reached skill level 1 in Fighting
   934 | D:1      | Reached skill level 1 in Unarmed Combat
   934 | D:1      | Reached XP level 2. HP: 20/21 MP: 5/5
  1354 | D:2      | Found a faded altar of an unknown god.
  2001 | D:2      | HP: 1/21 [poisoned by an adder]
  2001 | D:2      | Slain by an adder

Illustrated notes

Levels and vault maps discovered:
D:1:      matt_arrival_los_fun, layout_basic
D:2:      layout_loops_cross, hellmonk_ecumenical_altar_blasted

Skill      XL: |  1 |
---------------+----+-----
Fighting       | 1 |  1.4
Unarmed Combat | 1 |  1.8
Throwing       | |  0.5
Dodging        | |  2.6
Stealth        | |  2.1
Spellcasting   | |  2.0
Conjurations   | |  0.7
Air Magic      | |  2.4

Action                   || total
-------------------------++-------
Melee: Unarmed           ||    81
 Cast: Shock             ||    22
  Use: Potion            ||     1
 Stab: Sleeping          ||     2
Armor: Robe              ||    10
Dodge: Dodged            ||    49
